 Dungeon Sprint DCSS version 0.19-b1-4-gd8a0a2a (webtiles) character file.

35 LORDOFBUTT the Shield-Bearer (level 3, 0/31 HPs)
             Began as a Formicid Fighter on Oct 31, 2016.
             Was an Initiate of Qazlal.
             Slain by an ironheart preserver
             ... wielding a +0 morningstar
              (7 damage)
             ... in the Dungeon (Sprint V: "Ziggurat Sprint").
             The game lasted 00:02:59 (164 turns).

LORDOFBUTT the Shield-Bearer (Formicid Fighter)      Turns: 164, Time: 00:03:01

Health: 0/31       AC: 26    Str: 21    XL:     3   Next: 52%
Magic:  2/5        EV:  0    Int:  7    God:    Qazlal [......]
Gold:   0          SH: 27    Dex: 10    Spells: 0 memorised, 2 levels left

rFire  + + .     SeeInvis +     a - +7 great mace "Firestarter" {inner flame, rF++}
rCold  . . .     Gourm    .     A - +15 Maxwell's patent armour {-Cast -Tele rElec MR+ rCorr}
rNeg   + . .     Faith    .     B - +18 shield of the Gong {rElec rN+ MR+ EV-5}
rPois  .         Spirit   .     (helmet unavailable)
rElec  +         Reflect  .     (no cloak)
rCorr  +         Harm     .     (no gloves)
MR     ++...     NoCast   +     (no boots)
Stlth  ..........               (no amulet)
                                (no ring)
                                (no ring)

@: no status effects
A: permanent stasis, dig shafts and tunnels, four strong arms, antennae 3
a: Dig, Renounce Religion


You were in the Dungeon.
You worshipped Qazlal.
Qazlal was noncommittal.
You were not hungry.

You visited 1 branch

Inventory:

Hand Weapons
 a - the +7 great mace "Firestarter" (weapon) {inner flame, rF++}
   (You found it in the Dungeon)

   It has been specially enchanted to burn those struck by it, causing extra
   injury to most foes and up to half again as much damage against particularly
   susceptible opponents.
   It greatly protects you from fire.
 y - the +10 dark maul {crush}
   (You found it in the Dungeon)

   It inflicts extra damage upon your enemies.
Armour
 A - the +15 Maxwell's patent armour (worn) {-Cast -Tele rElec MR+ rCorr}
   (You found it in the Dungeon)

   It insulates you from electricity.
   It affects your resistance to hostile enchantments.
   It prevents spellcasting.
   It prevents most forms of teleportation.
   It protects you from acid and corrosion.
 B - the +18 shield of the Gong (worn) {rElec rN+ MR+ EV-5}
   (You found it in the Dungeon)

   It affects your evasion (-5).
   It insulates you from electricity.
   It protects you from negative energy.
   It affects your resistance to hostile enchantments.
Scrolls
 k - 4 scrolls of blinking
 l - 4 scrolls of amnesia
 m - 3 scrolls of recharging
 n - 7 scrolls of fog
 o - a scroll of holy word
 p - 5 scrolls of identify
 q - 5 scrolls of remove curse
 r - 2 scrolls of fear
Potions
 d - 6 potions of might
 e - 9 potions of curing
 g - 9 potions of heal wounds
 h - 6 potions of haste
 i - 7 potions of magic
 j - 3 potions of berserk rage
 u - 2 potions of brilliance
 v - 2 potions of invisibility
 w - 4 potions of resistance
 x - a potion of experience
 z - 5 potions of agility
Comestibles
 f - 5 bread rations
 s - 42 fruits
 t - 4 meat rations


   Skills:
 + Level 4.3 Fighting
   Level 2.0(3.0) Axes
 * Level 3.5(3.8) Maces & Flails
 + Level 4.2 Armour
 + Level 4.6 Shields
 + Level 2.7 Invocations


You had 2 spell levels left.
You didn't know any spells.

Dungeon Overview and Level Annotations

Branches:
Dungeon (1/1)

Altars:
Ashenzari
Cheibriados
Dithmenos
Elyvilon
Fedhas
Gozag
Hepliaklqana
Kikubaaqudgha
Makhleb
Nemelex Xobeh
Okawaru
Qazlal
Ru
Sif Muna
Trog
Uskayaw
Vehumet
Xom
Yredelemnul
Zin
The Shining One
Beogh
Jiyva
Lugonu


Innate Abilities, Weirdness & Mutations

You are under a permanent stasis effect.
You can dig through walls and to a lower floor.
Your four strong arms can wield two-handed weapons with a shield.
You have a pair of large antennae on your head. (SInv)


Message History

The boggart mumbles some strange words.
The ironheart preserver hits you but does no damage.
The kobold hits you but does no damage. You block the wolf spider's attack.
GONNNNG!
The wolf spider bites you but does no damage.
The boggart hits you but does no damage.
You sock the ironheart preserver! You burn the ironheart preserver.
The ironheart preserver is severely wounded.
You block the wolf spider's attack.
BOUMMMMG!
You block the wolf spider's attack.
GONNNNG!
You block the jackal's attack.
GONNNNG!
The rat bites you.
* * * LOW HITPOINT WARNING * * *
The boggart hits you but does no damage.
The kobold hits you but does no damage.
The ironheart preserver hits you with a morningstar!
You die...

▓▓▓▓▓▓▓▓▓▓▓▓▓
▓.8©8.▓.8©8.▓
{{
▓.[):.▓.....▓
{
▓.....▓.).:.▓
▓..s..▓.....▓
▓.psg.▓.....▓
▓..@rh▓.....▓
▓..hK.▓▓▓▓▓▓▓
▓▓▓▓▓▓▓ { {
{{{ { { {


You could see an ironheart preserver (inner flame), a wolf spider, a boggart, 2
jackals, a giant cockroach, a kobold and a rat.

Vanquished Creatures
  An iron imp (D)
  A shadow imp (D)
2 creatures vanquished.

Notes
Turn   | Place    | Note
-------+----------+-------------------------------------------
     0 | D        | LORDOFBUTT the Formicid Fighter began the quest for the Orb.
     0 | D        | Reached XP level 1. HP: 18/18 MP: 1/1
     0 | D        | Found a blossoming altar of Fedhas.
     1 | D        | Found a viscous altar of Jiyva.
     1 | D        | Found an ancient bone altar of Kikubaaqudgha.
     1 | D        | Found a hazy altar of Hepliaklqana.
     1 | D        | Found a corrupted altar of Lugonu.
     1 | D        | Found an opulent altar of Gozag.
     1 | D        | Found a burning altar of Makhleb.
     2 | D        | Found a sacrificial altar of Ru.
     2 | D        | Found a deep blue altar of Sif Muna.
     2 | D        | Found a stormy altar of Qazlal.
     2 | D        | Found a bloodstained altar of Trog.
     2 | D        | Found an iron altar of Okawaru.
     2 | D        | Found a sparkling altar of Nemelex Xobeh.
    78 | D        | Became a worshipper of Qazlal Stormbringer
   145 | D        | Entered arena 1.
   145 | D        | Noticed an iron imp
   148 | D        | Killed an iron imp
   148 | D        | Reached skill level 1 in Invocations
   148 | D        | Reached XP level 2. HP: 25/25 MP: 1/3
   148 | D        | Reached XP level 3. HP: 26/31 MP: 1/5
   154 | D        | Entered arena 2.
   154 | D        | Noticed an ironheart preserver
   154 | D        | Noticed a wolf spider
   154 | D        | Noticed a boggart
   164 | D        | Slain by an ironheart preserver

Skill      XL: |  1  2 |
---------------+-------+-----
Maces & Flails | 2 3 |  3.5
Shields        | 4 |  4.6
Invocations    | 1 2 |  2.7
Fighting       | 4 |  4.3
Armour         | 4 |  4.2
Axes           | |  2.0

Action                   || total
-------------------------++-------
Melee: Great mace        ||     9
  Use: Potion            ||     2
Armor: Plate armour      ||    20
Dodge: Dodged            ||     1
Block: Shield            ||    35
